 Dungeon Crawl Stone Soup version 0.31.0-11-ge490571c62 (webtiles) character file.

Game seed: 5106779475058298238

9 browni3141 the Conjurer (level 2, 0/19 HPs)
             Began as a Demonspawn Conjurer on Jan 30, 2024.
             Slain by a goblin
             ... wielding a +0 club
              (4 damage)
             ... on level 1 of the Dungeon.
             The game lasted 00:00:25 (330 turns).

browni3141 the Conjurer (Demonspawn Conjurer)        Turns: 330, Time: 00:00:26

Health: 0/19       AC:  2    Str:  7    XL:     2   Next: 6%
Magic:  2/5        EV: 12    Int: 18    God:
Gold:   58         SH:  0    Dex: 11    Spells: 4/5 levels left

rFire   . . .        c - +0 dagger
rCold   . . .        (no shield)
rNeg    . . .        a - +0 robe
rPois   .            (no helmet)
rElec   .            (no cloak)
rCorr   .            (no gloves)
SInv    .            (no boots)
Will    .....        (no amulet)
Stlth   ++           (no ring)
HPRegen 0.23/turn    (no ring)
MPRegen 0.09/turn

%: no passive effects
@: no status effects
A: demonic guardian 1
a: no special abilities


You were on level 1 of the Dungeon.
You visited 1 branch of the dungeon, and saw 1 of its levels.

You collected 58 gold pieces.

Inventory:

Hand Weapons
 c - a +0 dagger (weapon)
Armour
 a - a +0 robe (worn)
Scrolls
 d - 2 scrolls of silence {unknown}
Potions
 b - a potion of magic


   Skills:
 + Level 2.0 Dodging
 + Level 2.0 Stealth
 + Level 2.1 Spellcasting
 + Level 4.1 Conjurations


You had 4 spell levels left.
You knew the following spells:

 Your Spells              Type           Power      Damage    Failure   Level
a - Magic Dart            Conj           64%        1d6       3%          1

Your spell library contained the following spells:

 Spells                   Type           Power      Damage    Failure   Level
 Searing Ray              Conj           32%        2d5       4%          2
 Fulminant Prism          Conj/Alch      4%         3d5       58%         4
 Iskenderun's Mystic Bla  Conj/Tloc      9%         2d4       58%         4


Dungeon Overview and Level Annotations

Branches:
Dungeon (1/15)

Altars:


Innate Abilities, Weirdness & Mutations

A weak demonic guardian rushes to your aid.


Message History

You can't see any susceptible monsters within range! (Use Z to cast anyway.)
You can't see any susceptible monsters within range! (Use Z to cast anyway.)
A goblin comes into view. It is wielding a +0 club.
A goblin is nearby!
A goblin is nearby!
The magic dart hits the goblin.
You kill the goblin!
You can't see any susceptible monsters within range! (Use Z to cast anyway.)
You now have 36 gold pieces (gained 8).
You now have 50 gold pieces (gained 14).
An endoplasm comes into view.
The magic dart hits the endoplasm but does no damage.
The endoplasm quivers.
The magic dart hits the endoplasm.
The endoplasm is moderately wounded.
The magic dart hits the endoplasm.
The endoplasm is almost dead.
You see here a +0 club.
The magic dart hits the endoplasm.
The endoplasm is almost dead.
The endoplasm freezes you.
You are frozen.
You hit the endoplasm but do no damage.
The endoplasm is almost dead.
The endoplasm hits you but does no damage.
You hit the endoplasm.
You kill the endoplasm!
You see here a +0 club.
You now have 54 gold pieces (gained 4).
You open the door.
There is an open door here.
As you open the door, it creaks loudly! As you open the door, it creaks loudly!
There is an open door here.
You open the door.
There is an open door here.
Found a stone staircase leading down.
You now have 58 gold pieces (gained 4).
You open the door.
There is an open door here.
There is an open door here.
An endoplasm comes into view.
An endoplasm is nearby!
An endoplasm is nearby!
The magic dart hits the endoplasm.
The endoplasm is lightly wounded.
The endoplasm quivers.
The magic dart hits the endoplasm but does no damage.
The endoplasm is lightly wounded.
The magic dart hits the endoplasm.
The endoplasm is almost dead.
You are out of magic!
The endoplasm hits you.
You hit the endoplasm.
You kill the endoplasm!
d - 2 scrolls labelled MIPOERUEQU A frilled lizard, a goblin, a kobold and an endoplasm come into view.
The goblin shouts!
The endoplasm quivers.
The frilled lizard hisses angrily.
The frilled lizard moves out of view.
The magic dart hits the kobold.
You kill the kobold!
Your Stealth skill increases to level 2!
The magic dart hits the frilled lizard.
You kill the frilled lizard!
Your Dodging skill increases to level 2!
You have reached level 2!
Your demonic ancestry asserts itself...
You feel the presence of a demonic guardian.
The magic dart hits the endoplasm.
The endoplasm is almost dead.
You are out of magic!
You are out of magic!
You hit the goblin but do no damage. The goblin hits you with a +0 club.
The endoplasm freezes you.
You are frozen.
You hit the endoplasm.
You kill the endoplasm!
The goblin misses you. The goblin hits you with a +0 club.
The goblin hits you but does no damage. The goblin hits you with a +0 club.
The goblin closely misses you. The goblin hits you but does no damage.
The goblin hits you with a +0 club. The goblin hits you but does no damage.
The goblin hits you but does no damage. The goblin barely misses you.
The goblin hits you but does no damage. The goblin hits you with a +0 club.
The goblin hits you with a +0 club. The goblin hits you but does no damage.
The goblin hits you with a +0 club. The goblin barely misses you.
The goblin barely misses you. The goblin closely misses you.
The goblin hits you with a +0 club. The goblin hits you with a +0 club.
You die...

..# ####### ########.##
....... ......#...
####.......
.####.#..###.#.. .......
.# #.#..... #.##†).....
##. #.#...####.#........
.#..#.#...#....#@g......
.#......................
.#.####.#...#.###.######
.#......#....... [#
.#..###############
.#...#..#.. ....#
.#...#..#.####..######
.#....#+#.#.....#....#
........#.+ #..'..<.#


You could see a goblin.

Vanquished Creatures
  3 endoplasms (D:1)
  A goblin (D:1)
  A ball python (D:1)
  2 frilled lizards (D:1)
  2 kobolds (D:1)
9 creatures vanquished.

Notes
Turn   | Place    | Note
-------+----------+-------------------------------------------
     0 | D:1      | browni3141 the Demonspawn Conjurer began the quest for the
                  | Orb.
     0 | D:1      | Reached XP level 1. HP: 13/13 MP: 3/3
   308 | D:1      | Gained mutation: A weak demonic guardian rushes to your
                  | aid. [demonic ancestry]
   308 | D:1      | Reached XP level 2. HP: 19/19 MP: 1/5
   330 | D:1      | Slain by a goblin

Illustrated notes

Levels and vault maps discovered:
D:1:      dpeg_arrival_erosion, layout_basic

Skill      XL: |  1 |
---------------+----+-----
Stealth        | 2 |  2.0
Dodging        | 2 |  2.0
Spellcasting   | |  2.1
Conjurations   | |  4.1

Action                     || total
---------------------------++-------
  Melee: Dagger            ||     5
   Cast: Magic Dart        ||    15
 Armour: Robe              ||    17
  Dodge: Dodged            ||     6
